3AAA
SIOUX FALLS RED PANDAS @ SCRANTON SUPERNOVAS
06/05/2022
 
TOP OF THE 1ST
Sioux Falls Red Pandas batting - Pitching for Scranton Supernovas : RHP Victor Brey
Pitching: RHP Victor Brey
Batting: RHB Rubén Marino 0-0: Ground out U3 (Groundball, 3S)
Batting: LHB Thomas Campbell 0-0: Ball
1-0: Ground out 3-1 (Groundball, 3)
Batting: RHB Domenic Gallard 0-0: Swinging Strike
0-1: Ball
1-1: Ball
2-1: Ball
3-1: Base on Balls
Batting: LHB Francisco Ornelas 0-0: Swinging Strike
Passed Ball!
Domenic Gallard to second
0-1: Fly out, F8 (Flyball, 8LS)
Top of the 1st over - 0 run(s), 0 hit(s), 0 error(s), 1 left on base; Sioux Falls 0 - Scranton 0
BOTTOM OF THE 1ST
Scranton Supernovas batting - Pitching for Sioux Falls Red Pandas : LHP Alexis Weaver
Pitching: LHP Alexis Weaver
Batting: RHB Keith MacKey 0-0: Swinging Strike
0-1: SINGLE (Line Drive, 4MD)
Batting: RHB Josh Stafford 0-0: Ball
1-0: Called Strike
1-1: DOUBLE (Groundball, 5L)
Keith MacKey to third
Runner from 3rd tries for Home, SAFE, no throw or cutoff
Batting: RHB Jerome Wilson 0-0: Swinging Strike
0-1: Foul Ball, location: 2F
0-2: Ball
1-2: Ball
2-2: SINGLE (Groundball, 6M)
Josh Stafford to third
Runner from 3rd tries for Home, SAFE, throw made home
Jerome Wilson to second
Batting: LHB Héctor Torres 0-0: DOUBLE (Line Drive, 9LM)
Jerome Wilson scores
Batting: RHB Jesús Rodríguez 0-0: Called Strike
0-1: Swinging Strike
0-2: Strikes out looking
Batting: RHB Lance Davis 0-0: Ball
1-0: Called Strike
1-1: Ball
2-1: Foul Ball, location: 2F
2-2: Strikes out swinging
Batting: RHB Patrizio Vanali 0-0: Foul Ball, location: 2F
0-1: Foul Ball, location: 2F
0-2: Ball
1-2: Ball
2-2: Foul Ball, location: 2F
2-2: Foul Ball, location: 2F
2-2: Ball
3-2: SINGLE (Groundball, 56D)
Héctor Torres to third
Héctor Torres scores
Batting: RHB Stephen Blair 0-0: Called Strike
Patrizio Vanali is caught stealing 2nd base
Bottom of the 1st over - 4 run(s), 5 hit(s), 0 error(s), 0 left on base; Sioux Falls 0 - Scranton 4
TOP OF THE 2ND
Sioux Falls Red Pandas batting - Pitching for Scranton Supernovas : RHP Victor Brey
Batting: LHB Raúl Valentín 0-0: Swinging Strike
0-1: Ball
1-1: Ball
2-1: Foul Ball, location: 2F
2-2: Ball
3-2: Strikes out swinging
Batting: RHB Pancho Salaedo 0-0: Fly out, F8 (Flyball, 8RD)
Batting: LHB Pancho Ruíz 0-0: Ground out 4-3 (Groundball, 4)
Top of the 2nd over - 0 run(s), 0 hit(s), 0 error(s), 0 left on base; Sioux Falls 0 - Scranton 4
BOTTOM OF THE 2ND
Scranton Supernovas batting - Pitching for Sioux Falls Red Pandas : LHP Alexis Weaver
Batting: RHB Stephen Blair 0-0: Ball
1-0: Ground out 6-3 (Groundball, 6)
Batting: RHB Brad Jacobson 0-0: Ball
1-0: Called Strike
1-1: Ground out 5-3 (Groundball, 5L)
Batting: RHB Keith MacKey 0-0: Called Strike
0-1: Ground out 3-1 (Groundball, 3D)
Bottom of the 2nd over - 0 run(s), 0 hit(s), 0 error(s), 0 left on base; Sioux Falls 0 - Scranton 4
TOP OF THE 3RD
Sioux Falls Red Pandas batting - Pitching for Scranton Supernovas : RHP Victor Brey
Batting: RHB Jorge Rivera 0-0: Ball
1-0: DOUBLE (Flyball, 78XD)
Batting: RHB Gil Lowe 0-0: Foul Ball, location: 2F
0-1: Ball
1-1: Called Strike
1-2: Foul Ball, location: 2F
1-2: Foul Ball, location: 2F
1-2: Strikes out looking
Batting: RHB Rubén Marino 0-0: Ball
1-0: Ground out 6-3 (Groundball, 6M)
Jorge Rivera to third
Batting: LHB Thomas Campbell 0-0: Foul Ball, location: 2F
0-1: Foul Ball, location: 2F
0-2: Ball
1-2: Foul Ball, location: 2F
1-2: Foul Ball, location: 2F
1-2: Strikes out swinging
Top of the 3rd over - 0 run(s), 1 hit(s), 0 error(s), 1 left on base; Sioux Falls 0 - Scranton 4
BOTTOM OF THE 3RD
Scranton Supernovas batting - Pitching for Sioux Falls Red Pandas : LHP Alexis Weaver
Batting: RHB Josh Stafford 0-0: Called Strike
0-1: Ball
1-1: Foul Ball, location: 2F
1-2: Ground out 1-3 (Groundball, 13)
Batting: RHB Jerome Wilson 0-0: Ball
1-0: Ball
2-0: Ball
3-0: Base on Balls
Batting: LHB Héctor Torres 0-0: Foul Ball, location: 2F
0-1: Ground out U3 (Groundball, 3S)
Jerome Wilson to second
Batting: RHB Jesús Rodríguez 0-0: Ball
1-0: Ball
2-0: Called Strike
2-1: Ball
3-1: Fly out, F4 (Popup, 4MD)
Bottom of the 3rd over - 0 run(s), 0 hit(s), 0 error(s), 1 left on base; Sioux Falls 0 - Scranton 4
TOP OF THE 4TH
Sioux Falls Red Pandas batting - Pitching for Scranton Supernovas : RHP Victor Brey
Batting: RHB Domenic Gallard 0-0: Ball
1-0: Ball
2-0: Ball
3-0: Base on Balls
Batting: LHB Francisco Ornelas 0-0: Ball
1-0: Hit by Pitch
Domenic Gallard to second
Batting: LHB Raúl Valentín 0-0: Called Strike
0-1: Fly out, F9 (Flyball, 89M)
Batting: RHB Pancho Salaedo 0-0: Foul Ball, location: 2F
0-1: Ball
1-1: Foul Ball, location: 2F
1-2: Ball
2-2: Foul Ball, location: 2F
2-2: Fly out, F9 (Flyball, 89M)
Batting: LHB Pancho Ruíz 0-0: Ball
1-0: Ball
2-0: Ball
3-0: Called Strike
3-1: Foul Ball, location: 2F
3-2: Foul Ball, location: 2F
3-2: Base on Balls
Domenic Gallard to third
Francisco Ornelas to second
Batting: RHB Jorge Rivera 0-0: Ball
1-0: Fielders Choice at 2nd, 5-4 (Groundball, 5)
Top of the 4th over - 0 run(s), 0 hit(s), 0 error(s), 2 left on base; Sioux Falls 0 - Scranton 4
BOTTOM OF THE 4TH
Scranton Supernovas batting - Pitching for Sioux Falls Red Pandas : LHP Alexis Weaver
Batting: RHB Lance Davis 0-0: Called Strike
0-1: Ball
1-1: Foul Ball, location: 2F
1-2: Foul Ball, location: 2F
1-2: Ball
2-2: DOUBLE (Line Drive, 78S)
Batting: RHB Patrizio Vanali 0-0: Swinging Strike
0-1: DOUBLE (Flyball, 9LS)
Lance Davis scores
Batting: RHB Stephen Blair 0-0: Ball
1-0: Ground out 4-3 (Groundball, 4M)
Patrizio Vanali to third
Batting: RHB Brad Jacobson 0-0: Swinging Strike
0-1: Ball
1-1: Swinging Strike
1-2: Foul Ball, location: 2F
1-2: Ball
2-2: Ground out 6-3 (Groundball, 6M)
Patrizio Vanali scores
Pitching: LHP Bob Stewart
Batting: RHB Keith MacKey 0-0: Called Strike
0-1: Ball
1-1: Ball
2-1: Ball
3-1: Base on Balls
Batting: RHB Josh Stafford 0-0: Foul Ball, location: 2F
0-1: Ball
Keith MacKey is caught stealing 2nd base
Bottom of the 4th over - 2 run(s), 2 hit(s), 0 error(s), 0 left on base; Sioux Falls 0 - Scranton 6
TOP OF THE 5TH
Sioux Falls Red Pandas batting - Pitching for Scranton Supernovas : RHP Victor Brey
Batting: RHB Gil Lowe 0-0: Swinging Strike
0-1: Foul Ball, location: 2F
0-2: SINGLE (Groundball, 56)
Batting: RHB Rubén Marino 0-0: Ball
1-0: Ball
2-0: Ball
3-0: Called Strike
3-1: Called Strike
3-2: Base on Balls
Gil Lowe to second
Batting: LHB Thomas Campbell 0-0: Fielders Choice at 2nd, 4-6 (Groundball, 4)
Gil Lowe to third
Batting: RHB Domenic Gallard 0-0: Called Strike
0-1: Ball
1-1: Called Strike
1-2: Ball
2-2: Ball
3-2: Fly out, F7 (Flyball, 78M)
Runner from 3rd tags up, SCORES, throw made
Batting: LHB Francisco Ornelas 0-0: Foul Ball, location: 2F
0-1: Ball
1-1: Called Strike
1-2: Ball
2-2: Fly out, F7 (Flyball, 7M)
Top of the 5th over - 1 run(s), 1 hit(s), 0 error(s), 1 left on base; Sioux Falls 1 - Scranton 6
BOTTOM OF THE 5TH
Scranton Supernovas batting - Pitching for Sioux Falls Red Pandas : LHP Bob Stewart
Batting: RHB Josh Stafford 0-0: Foul Ball, location: 2F
0-1: Ball
1-1: Foul Ball, location: 2F
1-2: Foul Ball, location: 2F
1-2: Foul Ball, location: 2F
1-2: Ground out 6-3 (Groundball, 6)
Batting: RHB Jerome Wilson 0-0: Called Strike
0-1: SINGLE (Line Drive, 8LS)
Batting: LHB Héctor Torres 0-0: Called Strike
0-1: Grounds into double play, 4-6-3 (Groundball, 4)
Bottom of the 5th over - 0 run(s), 1 hit(s), 0 error(s), 0 left on base; Sioux Falls 1 - Scranton 6
TOP OF THE 6TH
Sioux Falls Red Pandas batting - Pitching for Scranton Supernovas : RHP Victor Brey
Batting: LHB Raúl Valentín 0-0: Swinging Strike
0-1: Ball
1-1: Swinging Strike
1-2: Ball
2-2: Ground out 4-3 (Groundball, 4)
Batting: RHB Pancho Salaedo 0-0: Swinging Strike
0-1: Swinging Strike
0-2: Strikes out swinging
Batting: LHB Pancho Ruíz 0-0: Called Strike
0-1: Ball
1-1: Ball
2-1: Fly out, F4 (Line Drive, 34)
Top of the 6th over - 0 run(s), 0 hit(s), 0 error(s), 0 left on base; Sioux Falls 1 - Scranton 6
BOTTOM OF THE 6TH
Scranton Supernovas batting - Pitching for Sioux Falls Red Pandas : LHP Bob Stewart
Batting: RHB Jesús Rodríguez 0-0: Ground out 4-3 (Groundball, 4)
Batting: RHB Lance Davis 0-0: Called Strike
0-1: Ground out 4-3 (Groundball, 34)
Batting: RHB Patrizio Vanali 0-0: Ball
1-0: Ball
2-0: Ball
3-0: Called Strike
3-1: Base on Balls
Batting: RHB Stephen Blair 0-0: Called Strike
0-1: Foul Ball, location: 2F
0-2: Ground out 4-3 (Groundball, 4)
Bottom of the 6th over - 0 run(s), 0 hit(s), 0 error(s), 1 left on base; Sioux Falls 1 - Scranton 6
TOP OF THE 7TH
Sioux Falls Red Pandas batting - Pitching for Scranton Supernovas : RHP Victor Brey
Batting: RHB Jorge Rivera 0-0: Ball
1-0: Ball
2-0: Ball
3-0: Called Strike
3-1: Ground out 5-3 (Groundball, 15S)
Batting: RHB Gil Lowe 0-0: Fly out, F2 (Popup, 2RF)
Batting: RHB Rubén Marino 0-0: Ball
1-0: Fly out, F7 (Flyball, 7M)
Top of the 7th over - 0 run(s), 0 hit(s), 0 error(s), 0 left on base; Sioux Falls 1 - Scranton 6
BOTTOM OF THE 7TH
Scranton Supernovas batting - Pitching for Sioux Falls Red Pandas : LHP Bob Stewart
Batting: RHB Brad Jacobson 0-0: Called Strike
0-1: Ball
1-1: Ground out 4-3 (Groundball, 4)
Batting: RHB Keith MacKey 0-0: Called Strike
0-1: Ground out 6-3 (Groundball, 6)
Batting: RHB Josh Stafford 0-0: Called Strike
0-1: Ball
1-1: Ball
2-1: Foul Ball, location: 2F
2-2: SINGLE (Groundball, 6)
Pitching: LHP José Hernández
Batting: RHB Jerome Wilson 0-0: Ball
1-0: Fly out, F8 (Flyball, 8RD)
Bottom of the 7th over - 0 run(s), 1 hit(s), 0 error(s), 1 left on base; Sioux Falls 1 - Scranton 6
TOP OF THE 8TH
Sioux Falls Red Pandas batting - Pitching for Scranton Supernovas : RHP Victor Brey
Now at 2B: Neil Nash
Batting: LHB Thomas Campbell 0-0: Fly out, F7 (Popup, 7S)
Batting: RHB Domenic Gallard 0-0: Ball
1-0: Ball
2-0: Ball
3-0: Called Strike
3-1: Ground out 5-3 (Groundball, 56S)
Batting: LHB Francisco Ornelas 0-0: Ball
1-0: Fly out, F4 (Line Drive, 4MD)
Top of the 8th over - 0 run(s), 0 hit(s), 0 error(s), 0 left on base; Sioux Falls 1 - Scranton 6
BOTTOM OF THE 8TH
Scranton Supernovas batting - Pitching for Sioux Falls Red Pandas : LHP José Hernández
Batting: LHB Héctor Torres 0-0: Foul Ball, location: 2F
0-1: Called Strike
0-2: Ball
1-2: Strikes out looking
Batting: RHB Jesús Rodríguez 0-0: Foul Ball, location: 2F
0-1: Ball
1-1: Fly out, F7 (Flyball, 7LM)
Batting: RHB Lance Davis 0-0: Ball
1-0: Ball
2-0: Ball
3-0: Called Strike
3-1: Ground out 5-3 (Groundball, 5)
Bottom of the 8th over - 0 run(s), 0 hit(s), 0 error(s), 0 left on base; Sioux Falls 1 - Scranton 6
TOP OF THE 9TH
Sioux Falls Red Pandas batting - Pitching for Scranton Supernovas : RHP Victor Brey
Now at SS: Phil Fleming
Batting: LHB Raúl Valentín 0-0: Called Strike
0-1: Ball
1-1: Ball
2-1: Foul Ball, location: 2F
2-2: Ball
3-2: Foul Ball, location: 2F
3-2: Fly out, F7 (Flyball, 78M)
Pitching: RHP Tony Newell
Batting: RHB Pancho Salaedo 0-0: Ball
1-0: Ball
2-0: Foul Ball, location: 2F
2-1: Foul Ball, location: 2F
2-2: Fly out, F4 (Popup, 34)
Batting: LHB Pancho Ruíz 0-0: Called Strike
0-1: Ball
1-1: Swinging Strike
1-2: Foul Ball, location: 2F
1-2: Ball
2-2: Ball
3-2: Strikes out looking
Top of the 9th over - 0 run(s), 0 hit(s), 0 error(s), 0 left on base; Sioux Falls 1 - Scranton 6
This league is powered by Out of the Park Baseball, the baseball management simulation game for PC, Mac and Linux
Friday, April 15th, 2016 - OOTP Baseball 16.9 Build 39